Description

Opening protos qui permet de bien commencé dans la game avec la possibilité de gagner en éliminé ennemis avec les 6 Stalker mais sa permet de partir sur plusieurs bo différent.

Build Order

Get SALT Encoding   

  13  0:17  Probe  construit pylone
  14  0:46  Pylon  chrono sur le Nexus
  16  1:15  Gateway  
  17  1:32  Assimilator  
  17  1:43  Assimilator  
  18  2:09  Gateway  
  18  2:22  Gateway  
  20  3:06  Cybernetics Core  
  21  3:22  Pylon  
  23  4:00  Stalker (Chrono Boost)  
  23  4:10  Stalker (Chrono Boost)  
  23  4:50  Warp Gate  
  27  5:30  Pylon  
  27  5:40  Stalker  
  27  5:50  Stalker  
  27  6:07  Stalker  
  30  6:30  Stalker  
Spawning Tool Build Advisor. Get it on Overwolf

Go to:

Details

  • Created by: Maarrow
  • Published on: Aug 02, 2019
  • Modified on: Aug 02, 2019
  • Patch: 4.7.1
Show
View Real Time Build Order
Export as new Build Order

Comments (0)

There are no comments. Be the first!

Create an account to comment!